 Dungeon Crawl Stone Soup version 0.31-a0-133-gaae73658be (webtiles) character file.

Game seed: 9389356979243212808

834 Armakuni the Conjurer (level 8, -11/58 HPs)
             Began as a Human Hedge Wizard on June 2, 2023.
             Mangled by a fire elemental (14 damage)
             ... summoned by a deep elf pyromancer
             ... on level 6 of the Dungeon on June 3, 2023.
             The game lasted 00:22:46 (5094 turns).

Armakuni the Conjurer (Human Hedge Wizard)          Turns: 5094, Time: 00:22:46

Health: -11/58     AC:  5    Str: 10    XL:     8   Next: 18%
Magic:  17/21      EV: 17    Int: 16    God:
Gold:   86         SH:  0    Dex: 14    Spells: 4/13 levels left

rFire   . . .        a - +2 dagger (elec)
rCold   . . .        (no shield)
rNeg    . . .        d - +0 robe
rPois   +            c - +0 hat
rElec   .            y - +1 cloak of Perfidy {rPois}
rCorr   .            (no gloves)
SInv    .            t - +0 pair of boots
Will    .....        R - amulet of regeneration
Stlth   ++           E - +5 ring of evasion
HPRegen 1.09/turn    P - ring of magical power
MPRegen 0.17/turn

%: no passive effects
@: about to teleport
A: no striking features
a: no special abilities


You were on level 6 of the Dungeon.
You visited 1 branch of the dungeon, and saw 6 of its levels.
You also visited: Sewer.

You collected 248 gold pieces.
You spent 162 gold pieces at shops.

Inventory:

Hand Weapons
 a - a +2 dagger of electrocution (weapon)
 b - a +1 sling of draining
Missiles
 s - 3 curare-tipped darts
Armour
 c - a +0 hat (worn)
 d - a +0 robe (worn)
 t - a +0 pair of boots (worn)
 y - the +1 cloak of Perfidy (worn) {rPois}
   (You found it on level 6 of the Dungeon)

   rPois:     It protects you from poison.
Magical Staves
 x - a staff of fire
Jewellery
 E - a +5 ring of evasion (left hand)
 P - a ring of magical power (right hand)
 R - an amulet of regeneration (around neck)
Wands
 k - a wand of digging (2)
Scrolls
 e - 3 scrolls of teleportation
 g - a scroll of vulnerability
 l - 2 scrolls of fear
 m - a scroll of immolation
 q - a scroll of blinking
Potions
 f - a potion of invisibility {unknown}
 h - 2 potions of haste {unknown}
 i - a potion of lignification {unknown}
 j - a potion of attraction {unknown}
 n - 3 potions of enlightenment {unknown}
 o - 2 potions of mutation {unknown}
 p - 3 potions of might
 r - a potion of heal wounds {unknown}
 u - 2 potions of brilliance {unknown}
 v - a potion of resistance {unknown}


   Skills:
 - Level 3.0 Fighting
 + Level 4.2 Short Blades
 - Level 2.0 Dodging
 - Level 2.0 Stealth
 - Level 3.0 Spellcasting
 + Level 4.7 Conjurations
 - Level 1.0 Summonings
 - Level 1.0 Translocations
 - Level 3.0 Air Magic
 - Level 3.0 Poison Magic


You had 4 spell levels left.
You knew the following spells:

 Your Spells              Type           Power      Damage    Failure   Level
a - Magic Dart            Conj           68%        1d6       2%          1
b - Blink                 Tloc           10%        N/A       19%         2
e - Ensorcelled Hibernat  Hex/Ice        4%         N/A       28%         2
m - Mephitic Cloud        Conj/Pois/Air  13%        N/A       13%         3
s - Slow                  Hex            8%         N/A       19%         1

Your spell library contained the following spells:

 Spells                   Type           Power      Damage    Failure   Level
 Cigotuvi's Dreadful Rot  Necr/Pois/Air  16%        N/A       12%         2
 Call Imp                 Summ           10%        N/A       19%         2
 Hailstorm                Conj/Ice       10%        3d5       22%         3
 Scorch                   Fire           4%         2d5       28%         2
 Spider Form              Tmut/Pois      7%         N/A       30%         3
 Flame Wave               Conj/Fire      10%        2d6       56%         4
 Anguish                  Hex/Necr       1%         N/A       88%         4
 Cause Fear               Hex            1%         N/A       88%         4
 Ice Form                 Ice/Tmut       2%         N/A       88%         4
 Simulacrum               Ice/Necr       1%         N/A       100%        6
 Summon Cactus Giant      Summ           2%         N/A       100%        6
 Enfeeble                 Hex            1%         N/A       100%        7


Dungeon Overview and Level Annotations

Branches:
Dungeon (6/15)             Temple (0/1) D:6           Sewer (visited)

Altars:

Shops:
D:3 *?(?[


Message History

The deep elf pyromancer hits you but does no damage.
You closely miss the deep elf pyromancer.
The fire elemental barely misses you.
You barely miss the deep elf pyromancer.
The fire elemental hits you. The fire elemental burns you!
The deep elf pyromancer seems less confused.
The deep elf pyromancer hits you with a +0 long sword of protection.
The fire elemental hits you. The fire elemental burns you!
You hit the deep elf pyromancer but do no damage.
The deep elf pyromancer misses you. The fire elemental barely misses you.
You hit the deep elf pyromancer but do no damage.
The fire elemental barely misses you.
The deep elf pyromancer hits you with a +0 long sword of protection.
* * * LOW HITPOINT WARNING * * *
Casting: Mephitic Cloud (dangerous; 13% risk of failure)
Confirm with . or Enter, or press ? or * to list all spells.
Aiming: Mephitic Cloud (dangerous; 13% risk of failure)
Press: ? - help, Shift-Dir - straight line, f/p - deep elf pyromancer
Aim: a deep elf pyromancer, wielding a +0 long sword of protection (chance to affect: 58%)
The ball explodes into a vile cloud!
The stinking cloud engulfs the deep elf pyromancer but does no damage.
The stinking cloud engulfs you but does no damage.
The fire elemental closely misses you.
The deep elf pyromancer is engulfed in noxious fumes.
The deep elf pyromancer hits you with a +0 long sword of protection.
* * * LOW HITPOINT WARNING * * *
As you read the scroll of teleportation, it crumbles to dust.
You feel strangely unstable.
The fire elemental completely misses you.
The deep elf pyromancer is engulfed in noxious fumes.
The deep elf pyromancer hits you with a +0 long sword of protection.
* * * LOW HITPOINT WARNING * * *
You completely miss the deep elf pyromancer.
The fire elemental hits you. The fire elemental burns you!
* * * LOW HITPOINT WARNING * * *
The deep elf pyromancer is engulfed in noxious fumes.
The deep elf pyromancer barely misses you.
You closely miss the deep elf pyromancer.
The fire elemental hits you. The fire elemental burns you!
You die...

.####...##.#..# *,**,,,,,,,*,,,,
.#......#....<##**,**,,,,,,,*,**,
##.)....#......,,*,**,,,,,,,*,**,
#...#...##....,,,,,,,,,,,,,**,**,
#...#....#...#######****,,***,***
#...##...#..........,,,*,,* *,***
.....#...#..........,,.#,,***,,,,
.....#...#...8######'''#,,,,,,,,*
.....#...#.....E@..'..:#,,,****,*
.....#...#......°e.'...#,,,** *,*
.....#...#......°°.'...#,,,,* *,*
.....#...##..8######'''#,*,,* *,*
.....#...###........,..#,,,,* *,,
#...##...###........,,.#,,,,* *,,
#...#.†..#...###########,*,,* *,*
#...#...##.#...........,,*,,***,*
...##...#..##..#####.##,**,,,**,*


You could see a deep elf pyromancer and a fire elemental (summoned).

Vanquished Creatures
  An ogre (D:5)
  A phantom (D:5)
  A scorpion (D:6)
  2 hounds
  2 orc priests
  4 jellies (Sewer)
  2 iguanas (D:5)
  A sleepcap (D:5)
  An orc wizard (D:6)
  3 gnolls (D:2)
  10 adders
  A river rat (D:5)
  2 worms
  6 dart slugs
  16 orcs
  15 endoplasms
  7 giant cockroaches
  9 goblins
  5 hobgoblins
  7 jackals
  8 kobolds
  7 quokkas
  5 ball pythons
  6 bats
  A frilled lizard (Sewer)
  9 rats
132 creatures vanquished.

Notes
Turn   | Place    | Note
-------+----------+-------------------------------------------
     0 | D:1      | Armakuni the Human Hedge Wizard began the quest for the
                  | Orb.
     0 | D:1      | Reached XP level 1. HP: 13/13 MP: 4/4
   199 | D:1      | Reached XP level 2. HP: 19/19 MP: 1/6
   513 | D:1      | Reached XP level 3. HP: 24/24 MP: 7/7
   526 | D:1      | Learned a level 3 spell: Mephitic Cloud
   529 | D:1      | Learned a level 2 spell: Blink
   554 | D:1      | Found a faded altar of an unknown god.
   893 | D:2      | Reached skill level 1 in Poison Magic
   903 | D:2      | Reached skill level 1 in Air Magic
   903 | D:2      | Reached XP level 4. HP: 30/30 MP: 8/8
  1160 | D:2      | Identified the +2 robe "Kaufyer" {Contam rElec rCorr
                  | Archmagi}
  1351 | D:3      | Found Xoybleqa's Magic Scroll Boutique.
  1359 | D:3      | Bought a scroll of fear for 56 gold pieces
  1359 | D:3      | Bought a scroll of immolation for 56 gold pieces
  1407 | D:3      | Reached XP level 5. HP: 16/35 MP: 6/9
  1473 | D:3      | Found Vuwun's Assorted Antiques.
  1478 | D:3      | You fall into a shaft and drop 3 floors!
  1614 | D:5      | Entered Level 5 of the Dungeon
  1616 | D:5      | Noticed a phantom
  1639 | D:5      | Killed a phantom
  1753 | D:5      | Reached XP level 6. HP: 38/42 MP: 10/10
  1792 | D:5      | Reached skill level 1 in Short Blades
  1798 | D:5      | Reached skill level 1 in Fighting
  1827 | D:5      | Found a glowing drain.
  1831 | Sewer    | Entered a sewer
  1986 | Sewer    | Found a viscous altar of Jiyva.
  2026 | Sewer    | Reached XP level 7. HP: 42/51 MP: 11/11
  2343 | D:3      | Found Goupt's Magic Scroll Shop.
  2401 | D:3      | Found Luredu's Armour Shop.
  2537 | D:3      | Found Juffa's Weapon Emporium.
  2545 | D:3      | Bought 3 curare-tipped darts for 50 gold pieces
  2880 | D:3      | Upgraded the game from 0.31-a0-128-g25add195a6 to
                  | 0.31-a0-133-gaae73658be
  4591 | D:6      | Noticed a hornet
  4740 | D:6      | Reached XP level 8. HP: 58/58 MP: 8/12
  4744 | D:6      | Identified the +1 cloak of Perfidy {rPois}
  5058 | D:6      | Learned a level 1 spell: Slow
  5080 | D:6      | Learned a level 2 spell: Ensorcelled Hibernation
  5080 | D:6      | Noticed a deep elf pyromancer
  5083 | D:6      | Noticed a fire elemental
  5093 | D:6      | HP: 2/58 [fire elemental[a deep elf pyromancer] (11)]
  5094 | D:6      | Mangled by a fire elemental

Illustrated notes

Levels and vault maps discovered:
D:1:      dpeg_arrival_ternary, layout_rooms,
          hellmonk_ecumenical_altar_heavens_door
D:2:      layout_rooms, nrook_campfire
D:3:      layout_basic, serial_shops, nicolae_shop_stone, shop, shop, shop, shop
D:4:      layout_layer_cave, grunt_ministairs_3
D:5:      layout_cave_pools, gup_sewer_entry_spiral
D:6:      kennysheep_spiral_hall, layout_loops_ring,
          minmay_temple_entry_poolview, minmay_holes, guppyfry_early_elven_hall

Skill      XL: |  1  2  3  4  5  6  7  8 |
---------------+-------------------------+-----
Conjurations   | 2 3 4 |  4.7
Poison Magic   | 1 2 3 |  3.0
Air Magic      | 1 2 3 |  3.0
Short Blades   | 2 3 4 |  4.2
Fighting       | 2 3 |  3.0
Dodging        | |  2.0
Stealth        | |  2.0
Spellcasting   | |  3.0
Summonings     | |  1.0
Translocations | |  1.0

Action                     |  1- 3 |  4- 6 |  7- 9 || total
---------------------------+-------+-------+-------++-------
  Melee: Dagger            |    20 |    67 |   146 ||   233
         Punch             |       |       |     3 ||     3
   Fire: Sling             |    60 |    89 |    33 ||   182
   Cast: Magic Dart        |    29 |       |     6 ||    35
         Mephitic Cloud    |       |     6 |    20 ||    26
    Use: Potion            |     2 |     2 |       ||     4
         Scroll            |     2 |     3 |     4 ||     9
   Stab: Confused          |       |     3 |     2 ||     5
         Sleeping          |       |     1 |     1 ||     2
 Armour: Robe              |    13 |     6 |    25 ||    44
  Dodge: Dodged            |    50 |    66 |    91 ||   207

Table legend: (Time is in decaauts)
 A = Elapsed time spent in this place.
 B = Non-inter-level travel time spent in this place.
 C = Inter-level travel time spent in this place.
 D = Time resting spent in this place.
 E = Time spent auto-exploring this place.
 F = Levels seen in this place.
 G = Mean time per level.
                   A        B        C        D        E       F      G
               +--------+--------+--------+--------+--------+-----+--------+
         Total |   5204 |   4990 |    214 |    767 |   2878 |   7 |  743.4 |
       Dungeon |   4901 |   4687 |    214 |    767 |   2707 |   6 |  816.8 |
         Sewer |    302 |    302 |      0 |      0 |    171 |   1 |  302.0 |
               +--------+--------+--------+--------+--------+-----+--------+

Top non-repeatable levels by time:
     D:4: 1251 daAuts
     D:5: 947 daAuts
     D:1: 931 daAuts
     D:3: 779 daAuts
     D:6: 582 daAuts
     D:2: 408 daAuts
   Sewer: 302 daAuts
